 Dungeon Crawl Stone Soup version 0.23-a0-398-g8eab93f (webtiles) character file.

98 Cryolive the Digger (level 4, -2/24 HPs)
             Began as a Gargoyle Earth Elementalist on Nov 2, 2018.
             Slain by a gnoll
             ... wielding a +0 spear
              (6 damage)
             ... on level 2 of the Dungeon.
             The game lasted 00:03:09 (1368 turns).

Cryolive the Digger (Gargoyle Earth Elementalist)   Turns: 1368, Time: 00:03:10

Health: -2/24      AC:  5    Str: 12    XL:     4   Next: 69%
Magic:  0/8        EV: 12    Int: 16    God:
Gold:   64         SH:  0    Dex: 10    Spells: 5/9 levels left

rFire    . . .     SeeInvis .   f - +0 club
rCold    . . .     Gourm    .   (no shield)
rNeg     + . .     Faith    .   c - +0 robe
rPois    ∞         Spirit   .   (no helmet)
rElec    +         Reflect  .   (no cloak)
rCorr    .         Harm     .   (no gloves)
MR       .....                  (no boots)
Stlth    ++........             (no amulet)
HPRegen  0.08/turn              (no ring)
MPRegen  0.11/turn              (no ring)

@: no status effects
A: negative energy resistance 1, electricity resistance, unbreathing,
petrification resistance, rot immunity, AC +3
a: no special abilities


You were on level 2 of the Dungeon.
You were hungry.

You visited 1 branch of the dungeon, and saw 2 of its levels.

You collected 64 gold pieces.

Inventory:

Hand Weapons
 f - a +0 club (weapon)
Missiles
 b - 49 stones (quivered)
Armour
 c - a +0 robe (worn)
Scrolls
 a - a scroll of magic mapping {unknown}
 g - 4 scrolls of identify {unknown}
Potions
 e - a potion of agility {unknown}
 h - a potion of ambrosia {unknown}
Comestibles
 d - 2 rations


   Skills:
 - Level 1.5 Dodging
 - Level 2.1 Stealth
 + Level 3.1 Spellcasting
 + Level 1.6 Conjurations
   Level 0.7 Transmutations
 + Level 4.9 Earth Magic


You had 5 spell levels left.
You knew the following spells:

 Your Spells              Type           Power        Failure   Level  Hunger
a - Sandblast             Erth           ###...       2%          1    None
b - Stone Arrow           Conj/Erth      ##....       14%         3    ###....

Your spell library contained the following spells:

 Spells                   Type           Power        Failure   Level  Hunger
 Passwall                 Tmut/Erth      ##......     9%          2    ##.....
 Petrify                  Tmut/Erth      ##......     50%         4    ####...
 Lee's Rapid Deconstruct  Erth           ###.......   54%         5    ######.


Dungeon Overview and Level Annotations

Branches:
Dungeon (2/15)

Altars:


Innate Abilities, Weirdness & Mutations

You are resistant to torment.
Your stone body is resilient. (AC +3)
You are immune to poison.
You resist negative energy. (rN+)
You are resistant to electric shocks. (rElec)
You can survive without breathing.
You are immune to petrification.
You are immune to rotting.


Message History

Casting: Sandblast (safe; 2% risk of failure)
Confirm with . or Enter, or press ? or * to list all spells.
Aiming: Sandblast (safe; 2% risk of failure)
Press: ? - help, Shift-Dir - straight line, f/p - gnoll
Aim: a gnoll, wielding a +0 whip (severely wounded)
The blast of sand misses the gnoll. x2
b - 50 stones The gnoll hits you with a +0 whip.
* * * LOW HITPOINT WARNING * * *
Casting: Sandblast (safe; 2% risk of failure)
Confirm with . or Enter, or press ? or * to list all spells.
Aiming: Sandblast (safe; 2% risk of failure)
Press: ? - help, Shift-Dir - straight line, f/p - gnoll
Aim: a gnoll, wielding a +0 whip (severely wounded)
The blast of sand hits the gnoll.
You kill the gnoll!
b - 49 stones The gnoll hits you but does no damage.
The gnoll hits you from afar with a +0 spear.
You die...

#####.###.####.....g..........##
#.....# #.##########.###..#
#####.# #.# #.# ##.# #.#
#.###### #.# #.## #.# #......#
#.# #... #.# #)..♣..# #.#####.#
#.# #>g♣_♣.#####...P♣... #.#
#...♣........P≈.≈... #.#
##.@....##.P.♣≈≈♣≈♣. #########.#
##..........♣♣≈≈≈≈. ..........#
#######.P..P.♣≈†≈≈ ###########
#.......≈♣≈. ##...P...≈♣.
#####♣..♣.. ######


You could see a gnoll.

Vanquished Creatures
  Jessica (D:2)
  3 gnolls (D:2)
  A worm (D:2)
  4 dart slugs (D:1)
  2 ball pythons (D:2)
  4 bats
  A giant cockroach (D:2)
  2 goblins
  4 hobgoblins (D:1)
  2 jackals (D:1)
  3 kobolds
  3 frilled lizards
  3 rats
33 creatures vanquished.

Vanquished Creatures (others)
  A plant (D:2)
1 creature vanquished.

Grand Total: 34 creatures vanquished

Notes
Turn   | Place    | Note
-------+----------+-------------------------------------------
     0 | D:1      | Cryolive the Gargoyle Earth Elementalist began the quest
                  | for the Orb.
     0 | D:1      | Reached XP level 1. HP: 10/10 MP: 3/3
    80 | D:1      | Reached XP level 2. HP: 6/15 MP: 0/5
   239 | D:1      | Reached skill level 4 in Earth Magic
   703 | D:1      | Reached XP level 3. HP: 16/19 MP: 6/6
   708 | D:1      | Learned a level 3 spell: Stone Arrow
   996 | D:2      | Noticed Jessica
  1017 | D:2      | Killed Jessica
  1017 | D:2      | Reached skill level 1 in Conjurations
  1017 | D:2      | Reached XP level 4. HP: 11/24 MP: 6/8
  1236 | D:2      | Found a faded altar of an unknown god.
  1368 | D:2      | Slain by a gnoll

Vault maps used:
D:1:      saegor_arrival_simple_c
D:2:      kennysheep_the_goblin_king, nicolae_overflow_hidden_temple,
          chequers_ecumenical_altar_simple, serial_bayou, serial_bayou_lagoon_a,
          serial_bayou_pond_c, serial_bayou_pond_a, serial_bayou_pond_e,
          st_stairs_13, tgw_kikubaaqudgha, uniq_jessica

Skill      XL: |  1  2  3  4 |
---------------+-------------+-----
Earth Magic    | 4 |  4.9
Conjurations   | 1 |  1.6
Spellcasting   | 3 |  3.1
Dodging        | |  1.5
Stealth        | |  2.1
Transmutations | |  0.7

Action                   |  1- 3 |  4- 6 || total
-------------------------+-------+-------++-------
Melee: Unarmed           |    94 |       ||    94
       Club              |    46 |    36 ||    82
 Cast: Sandblast         |     7 |     9 ||    16
       Stone Arrow       |       |     1 ||     1
 Stab: Sleeping          |     3 |       ||     3
  Eat: Chunk             |     1 |       ||     1
Armor: Robe              |    47 |    17 ||    64
Dodge: Dodged            |   106 |    29 ||   135

Table legend:
 A = Non-vault XP
 B = Vault XP
 C = Vault XP percentage of total XP
 D = Non-vault monster count
 E = Vault monster count
 F = Vault count percentage of total count
                 A         B        C        D         E       F
            +---------+---------+-------+---------+---------+-------
      Total |     102 |      38 |  27.1 |      31 |       2 |   6.1
            +---------+---------+-------+---------+---------+-------
        D:1 |      39 |       0 |   0.0 |      18 |       0 |   0.0
        D:2 |      63 |      38 |  37.6 |      13 |       2 |  13.3
            +---------+---------+-------+---------+---------+-------
